 Dungeon Crawl Stone Soup version 0.29.0-4-gdea44cf6ec (webtiles) character file.

Game seed: 11007216238832859841

9937 qw the Cleaver (level 11, -11/81 (89) HPs)
             Began as a Formicid Cinder Acolyte on Sept 3, 2022.
             Was a Follower of Ignis.
             Mangled by a spectral orc knight
             ... wielding a +2 glaive
             ... summoned by Nergalle
              (17 damage)
             ... on level 11 of the Dungeon.
             The game lasted 00:05:16 (12354 turns).

qw the Cleaver (Formicid Cinder Acolyte)           Turns: 12354, Time: 00:05:16

HP:   -11/81 (89)   AC: 29    Str: 22    XL:     11   Next: 83%
MP:   12/12         EV:  7    Int: 15    God:    Ignis [*.....]
Gold: 682           SH:  5    Dex:  9    Spells: 12/12 levels left

rFire   + . .      SeeInvis +   e - +3 broad axe (vamp)
rCold   + . .      Faith    .   (no shield)
rNeg    . . .      Spirit   .   q - +0 plate armour
rPois   .          Reflect  +   (helmet unavailable)
rElec   .          Harm     .   p - +0 cloak
rCorr   .          Rampage  .   d - +2 pair of gloves
Will    ++...      Clarity  +   k - +2 pair of boots
Stlth   ..........              h - amulet of reflection
HPRegen 0.23/turn               a - +4 ring of slaying {mikee}
MPRegen 0.13/turn               s - ring of protection from cold

@: fiery-armoured, drained
A: permanent stasis, dig shafts and tunnels, antennae 3, four strong arms, claws
1, clarity, strong-willed 1
a: Dig, Shaft Self, Renounce Religion, Fiery Armour, Foxfire Swarm, Rising Flame


You were on level 11 of the Dungeon.
You worshipped Ignis.
Ignis was aware of your devotion.
You visited 1 branch of the dungeon, and saw 11 of its levels.
You also visited: Ossuary.

You collected 710 gold pieces.
You spent 28 gold pieces at shops.


Innate Abilities, Weirdness & Mutations

You cannot be hasted, slowed, berserked, paralysed or teleported.
You can dig through walls and to a lower floor.
You have a pair of large antennae on your head. (SInv)
Your four strong arms can wield two-handed weapons with a shield.
You have sharp fingernails.
You possess an exceptional clarity of mind.
You are strong-willed. (Will+)


   Skills:
 - Level 9.0 Fighting
 + Level 13.5 Axes
 - Level 2.3 Throwing
 - Level 9.0 Armour
 - Level 2.3 Dodging
 - Level 1.1 Spellcasting
 - Level 3.0 Fire Magic


You had 12 spell levels left.
You didn't know any spells.
Your spell library contained the following spells:

 Spells                   Type           Power      Damage    Failure   Level
 Scorch                   Fire           18%        2d6       83%         2

Inventory:

Hand Weapons
 e - a +3 vampiric broad axe (weapon)
 f - a -1 hand axe of flaming
Missiles
 i - 9 boomerangs (quivered)
Armour
 d - a +2 pair of gloves (worn)
 k - a +2 pair of boots (worn)
 p - a +0 cloak (worn)
 q - a +0 plate armour (worn)
Jewellery
 a - a +4 ring of slaying (left hand) {mikee}
 h - an amulet of reflection (around neck)
 r - a ring of positive energy
 s - a ring of protection from cold (right hand)
Scrolls
 g - a scroll of identify
Potions
 b - a potion of haste
 c - 5 potions of might
 j - 6 potions of curing
 l - a potion of cancellation
 n - a potion of mutation

Dungeon Overview and Level Annotations

Branches:
Dungeon (11/15)            Temple (0/1) D:4         Ossuary (visited)
   Lair: D:8-11         Orc: D:9-12

Altars:
Ashenzari
Cheibriados
Dithmenos
Elyvilon
Fedhas
Gozag
Hepliaklqana
Kikubaaqudgha
Makhleb
Okawaru
Qazlal
Trog
Uskayaw
Vehumet
Yredelemnul
Zin

Shops:
D:2 ?

Annotations:
D:5 1 runed translucent door, Crazy Yiuf
D:8 3 runed translucent doors, qw's ghost, novice TrCA
D:11 Josephine; Nergalle


Message History

The orc warrior wields a +0 arbalest.
The orc warrior shoots a bolt.
The bolt closely misses you.
12352 ||| DRINKING potion of heal wounds.
You feel much better.
You feel sick.
The spectral orc knight hits you from afar with a +0 bardiche!
You feel drained.
The spectral orc knight hits you from afar with a +2 glaive.
You feel drained. The wraith hits you. The wraith drains your vigour!
Your stasis prevents you from being slowed.
The wraith is burned by your cloak of flames.
The wraith is moderately damaged.
Nergalle hits you but does no damage.
Nergalle is burned by your cloak of flames.
Nergalle is severely wounded.
The orc warrior closely misses you. You block Josephine's attack.
You closely miss Nergalle.
Nergalle is severely wounded.
You barely miss Josephine.
You hit the wraith. x2; You slice the orc warrior!!
You feel sick.
You block the spectral orc knight's attack.
The spectral orc knight hits you from afar with a +2 glaive!
You feel drained.
The orc warrior hits you but does no damage.
The orc warrior is burned by your cloak of flames.
The orc warrior is almost dead.
Josephine hits you but does no damage.
Josephine is burned by your cloak of flames.
Josephine is lightly wounded.
Nergalle barely misses you.
You slash the orc warrior!
You feel better.
You kill the orc warrior!
You hit the wraith. You slash Josephine! You closely miss Nergalle.
You slash the wraith!
You feel sick.
You are no longer poisoned.
The orc warrior shoots a bolt.
The bolt hits you but does no damage.
The spectral orc knight barely misses you.
The spectral orc knight hits you from afar with a +2 glaive!
You die...

#....#
#....#
#....#
#....#
#..o.###
+Z.oo'.
#W.)@#
#WW@o#
###W##
#.Z.# #.###
###+####
####.######
.......#
#.........#
.......#
#.........#
.......#
#.........#
.......#
#.........#


You could see Josephine, Nergalle, 2 spectral orc knights, 4 wraiths, 2 orc
warriors and an orc.

Vanquished Creatures
  3 two-headed ogres
  Joseph (D:7)
  3 meliai (D:11)
  2 hornets
  3 slime creatures (D:11)
  Sigmund (D:5)
  A wraith (D:11)
  10 yaks
  2 steam dragons (D:8)
  Grum (D:10)
  3 water moccasins
  3 black bears
  2 sky beasts
  4 orc warriors
  3 ice beasts
  2 wolves (D:10)
  4 ogres
  4 centaurs
  A phantom (D:5)
  2 kobold brigands (D:8)
  8 bullfrogs
  2 necrophages
  A scorpion (D:11)
  5 wights (D:6)
  3 howler monkeys
  A crimson imp (D:7)
  2 jellies
  A hound (D:5)
  4 orc priests
  4 orc wizards
  3 iguanas
  8 mummies (Ossuary)
  7 gnolls
  4 adders
  A shadow imp (D:6)
  2 white imps
  3 ufetubi
  2 worms
  3 dart slugs
  17 orcs
  7 ball pythons
  6 bats
  10 endoplasms
  A giant cockroach (D:2)
  A gnoll zombie (Ossuary)
  6 goblins
  3 hobgoblins
  13 kobolds
  5 quokkas
  A frilled lizard (D:3)
  4 hobgoblin zombies (Ossuary)
  3 kobold zombies (Ossuary)
  3 rats
199 creatures vanquished.

Vanquished Creatures (others)
  An orc (D:7)
  12 fungi (D:11)
  4 plants (D:11)
17 creatures vanquished.

Grand Total: 216 creatures vanquished

Notes
Turn   | Place    | Note
-------+----------+-------------------------------------------
     0 | D:1      | qw the Formicid Cinder Acolyte began the quest for the Orb.
     0 | D:1      | Reached XP level 1. HP: 18/18 MP: 2/2
     0 | D:1      | 0 ||| qw: Version: 0.1-a-102-g441f92d
     0 | D:1      | 0 ||| qw: Game counter: 5108
     0 | D:1      | 0 ||| qw: Always use a shield: true
     0 | D:1      | 0 ||| qw: God list: Okawaru
     0 | D:1      | 0 ||| qw: Allow faded altars: false
     0 | D:1      | 0 ||| qw: Do Orc after D:15 true
     0 | D:1      | 0 ||| qw: Do second Lair branch before Depths: true
     0 | D:1      | 0 ||| qw: Lair rune preference: random
     0 | D:1      | 0 ||| qw: Plans: Normal
     0 | D:1      | 0 ||| PLANNING D:1-11
   118 | D:1      | Reached XP level 2. HP: 24/24 MP: 3/3
   124 | D:1      | 124 ||| Stepping ~*~*~tactically~*~*~ (stealth).
   139 | D:1      | 139 ||| Stepping ~*~*~tactically~*~*~ (stealth).
   140 | D:1      | 140 ||| Stepping ~*~*~tactically~*~*~ (stealth).
   141 | D:1      | 141 ||| Stepping ~*~*~tactically~*~*~ (stealth).
   164 | D:1      | 164 ||| Stepping ~*~*~tactically~*~*~ (stealth).
   633 | D:1      | 633 ||| Stepping ~*~*~tactically~*~*~ (hiding).
   639 | D:1      | Reached skill level 4 in Axes
   639 | D:1      | Reached XP level 3. HP: 25/29 MP: 4/4
   952 | D:1      | 952 ||| READING scroll labelled ZUNUUZ NUORU.
   953 | D:1      | 953 ||| READING scroll labelled ERUINU ZEIKK.
   954 | D:1      | 954 ||| READING scroll labelled VOBIZXE NAOX.
   955 | D:1      | 955 ||| READING scroll labelled QIAH HUWUNIE.
   956 | D:1      | 956 ||| Stepping randomly (stuck).
   957 | D:1      | 957 ||| Stepping ~*~*~tactically~*~*~ (cloud).
  1419 | D:2      | 1419 ||| Stepping ~*~*~tactically~*~*~ (stealth).
  1425 | D:2      | 1425 ||| Stepping ~*~*~tactically~*~*~ (stealth).
  1438 | D:2      | Found Kiezun's Magic Scroll Emporium.
  1446 | D:2      | 1446 ||| BUYING scroll of identify (28 gold).
  1446 | D:2      | Bought a scroll of identify for 28 gold pieces
  1446 | D:2      | 1446 ||| SHOPLISTING scroll of identify (28 gold, have 10).
  1514 | D:2      | Reached skill level 1 in Dodging
  1608 | D:2      | Found a white marble altar of Elyvilon.
  1888 | D:2      | 1888 ||| INVOKING Fiery Armour.
  2149 | D:2      | 2149 ||| UPGRADING to +0 pair of gloves.
  2154 | D:2      | 2154 ||| UPGRADING to +4 ring of slaying {mikee}.
  2155 | D:2      | 2155 ||| READING scroll labelled RULIDI ZAWAJU.
  2156 | D:2      | 2156 ||| READING 2 scrolls labelled ENEUCZ HUTA.
  2157 | D:2      | 2157 ||| READING scroll of enchant armour.
  2157 | D:2      | 2157 ||| ENCHANTING +0 pair of gloves.
  2158 | D:2      | 2158 ||| READING 2 scrolls of identify.
  2158 | D:2      | 2158 ||| IDENTIFYING purple potion
  2173 | D:3      | Reached XP level 4. HP: 35/35 MP: 5/5
  2396 | D:3      | 2396 ||| INVOKING Fiery Armour.
  2470 | D:3      | 2470 ||| FLEEEEING.
  2475 | D:3      | 2475 ||| STAIRDANCE
  2616 | D:2      | 2616 ||| READING scroll labelled UFAMIE FOFIOH.
  2624 | D:3      | 2624 ||| Stepping ~*~*~tactically~*~*~ (stealth).
  2626 | D:3      | 2626 ||| INVOKING Fiery Armour.
  2634 | D:3      | Reached skill level 5 in Axes
  2634 | D:3      | Reached XP level 5. HP: 37/41 MP: 6/6
  2697 | D:3      | Found a basalt altar of Yredelemnul.
  2775 | D:3      | Found a stormy altar of Qazlal.
  2918 | D:3      | Found a faded altar of an unknown god.
  3008 | D:3      | 3008 ||| UPGRADING to +0 ring mail.
  3018 | D:3      | 3018 ||| DROPPING +0 robe.
  3019 | D:3      | 3019 ||| DRINKING 2 white potions.
  3020 | D:3      | 3020 ||| DRINKING 2 puce potions.
  3021 | D:3      | 3021 ||| DRINKING 2 glowing red potions.
  3022 | D:3      | 3022 ||| DROPPING potion of flight.
  3127 | D:4      | Noticed a bullfrog
  3128 | D:4      | 3128 ||| Stepping ~*~*~tactically~*~*~ (stealth).
  3138 | D:4      | Killed a bullfrog
  3147 | D:4      | Reached XP level 6. HP: 47/47 MP: 7/7
  3312 | D:4      | Noticed an ogre
  3320 | D:4      | Killed an ogre
  3321 | D:4      | Reached skill level 6 in Axes
  3382 | D:4      | 3382 ||| Stepping ~*~*~tactically~*~*~ (stealth).
  3391 | D:4      | Found a staircase to the Ecumenical Temple.
  3764 | D:4      | 3764 ||| DROPPING amulet of magic regeneration.
  3765 | D:4      | 3765 ||| READING scroll labelled HEMUEP SOKLUO.
  3766 | D:4      | 3766 ||| DRINKING 2 sapphire potions.
  3767 | D:4      | 3767 ||| DRINKING 2 amethyst potions.
  3767 | D:4      | Gained mutation: You possess an exceptional clarity of
                  | mind. [potion of mutation]
  3767 | D:4      | Gained mutation: You have an increased reservoir of magic.
                  | (+10% MP) [potion of mutation]
  3767 | D:4      | Gained mutation: You occasionally lose the ability to drink
                  | potions when taking damage. [potion of mutation]
  3768 | D:4      | 3768 ||| DRINKING potion of mutation.
  3768 | D:4      | Lost mutation: You occasionally lose the ability to drink
                  | potions when taking damage. [potion of mutation]
  3768 | D:4      | Lost mutation: You have an increased reservoir of magic.
                  | (+10% MP) [potion of mutation]
  3768 | D:4      | Gained mutation: You have sharp fingernails. [potion of
                  | mutation]
  3768 | D:4      | Gained mutation: You are strong-willed. (Will+) [potion of
                  | mutation]
  3769 | D:4      | 3769 ||| DROPPING potion of brilliance.
  3780 | D:5      | Entered Level 5 of the Dungeon
  3781 | D:5      | 3781 ||| STAIRDANCE
  3787 | D:5      | 3787 ||| STAIRDANCE
  3822 | D:4      | 3822 ||| SWAPPING to +0 war axe.
  3827 | D:5      | 3827 ||| FLEEEEING.
  3828 | D:5      | 3828 ||| STAIRDANCE
  4042 | D:5      | Noticed an ice beast
  4043 | D:5      | 4043 ||| FLEEEEING.
  4044 | D:5      | 4044 ||| STAIRDANCE
  4097 | D:5      | Killed an ice beast
  4098 | D:5      | Reached XP level 7. HP: 33/55 MP: 8/8
  4287 | D:5      | Noticed a water moccasin
  4288 | D:5      | 4288 ||| Stepping ~*~*~tactically~*~*~ (stealth).
  4289 | D:5      | 4289 ||| Stepping ~*~*~tactically~*~*~ (stealth).
  4300 | D:5      | Killed a water moccasin
  4301 | D:5      | Reached skill level 7 in Axes
  4482 | D:5      | Reached skill level 1 in Throwing
  4548 | D:5      | 4548 ||| Stepping ~*~*~tactically~*~*~ (stealth).
  4549 | D:5      | 4549 ||| Stepping ~*~*~tactically~*~*~ (stealth).
  4554 | D:5      | Reached XP level 8. HP: 45/61 MP: 9/9
  4585 | D:5      | 4585 ||| FLEEEEING.
  4586 | D:5      | 4586 ||| FLEEEEING.
  4587 | D:5      | 4587 ||| FLEEEEING.
  4588 | D:5      | 4588 ||| FLEEEEING.
  4589 | D:5      | 4589 ||| FLEEEEING.
  4590 | D:5      | 4590 ||| STAIRDANCE
  4639 | D:5      | 4639 ||| INVOKING Fiery Armour.
  4641 | D:5      | 4641 ||| STAIRDANCE
  4880 | D:5      | Reached skill level 8 in Axes
  5363 | D:5      | Noticed Sigmund
  5372 | D:5      | Killed Sigmund
  5520 | D:5      | Found a runed translucent door.
  5521 | D:5      | Noticed Crazy Yiuf
  5586 | D:5      | 5586 ||| UPGRADING to +1 pair of boots.
  5591 | D:5      | 5591 ||| UPGRADING to +0 cloak.
  5596 | D:5      | 5596 ||| DRINKING 2 sedimented silvery potions.
  5597 | D:5      | 5597 ||| DRINKING 2 pink potions.
  5628 | D:5      | 5628 ||| READING 2 scrolls of identify.
  5628 | D:5      | 5628 ||| IDENTIFYING inky potion
  5629 | D:5      | 5629 ||| DROPPING potion of attraction.
  5630 | D:5      | 5630 ||| DROPPING potion of invisibility.
  5631 | D:5      | 5631 ||| DROPPING potion of lignification.
  5702 | D:6      | 5702 ||| Stepping ~*~*~tactically~*~*~ (hiding).
  5927 | D:6      | 5927 ||| INVOKING Fiery Armour.
  5931 | D:6      | Reached skill level 9 in Axes
  5931 | D:6      | HP: 9/63 [gnoll/+0 halberd (8)]
  6237 | D:6      | Reached skill level 3 in Armour
  6246 | D:6      | Reached XP level 9. HP: 65/69 MP: 10/10
  6269 | D:6      | 6269 ||| Stepping ~*~*~tactically~*~*~ (hiding).
  6270 | D:6      | 6270 ||| Stepping ~*~*~tactically~*~*~ (hiding).
  6271 | D:6      | 6271 ||| Stepping ~*~*~tactically~*~*~ (hiding).
  6276 | D:6      | Reached skill level 6 in Fighting
  6360 | D:6      | 6360 ||| SWAPPING to +0 battleaxe.
  6361 | D:6      | 6361 ||| DROPPING +0 war axe.
  6696 | D:6      | Found a blossoming altar of Fedhas.
  6760 | D:6      | 6760 ||| UPGRADING to +0 scale mail.
  6770 | D:6      | 6770 ||| DROPPING +0 ring mail.
  6771 | D:6      | 6771 ||| READING scroll labelled GIECUTO EMYSE.
  6772 | D:6      | 6772 ||| READING scroll labelled ISSUAM DEDWODUD.
  6772 | D:6      | Identified a scroll of acquirement
  6772 | D:6      | 6772 ||| ACQUIRING +2 vampiric broad axe
  6772 | D:6      | Acquired a +2 vampiric broad axe
  6774 | D:6      | 6774 ||| SWAPPING to +2 vampiric broad axe.
  6775 | D:6      | 6775 ||| DROPPING +0 battleaxe.
  6776 | D:6      | 6776 ||| READING 2 scrolls of identify.
  6776 | D:6      | 6776 ||| IDENTIFYING fuming golden potion
  6798 | D:7      | 6798 ||| PLANNING OSSUARY
  6817 | D:7      | Reached skill level 10 in Axes
  7148 | D:7      | Found a sand-covered staircase.
  7149 | D:7      | 7149 ||| UPGRADING to +0 chain mail.
  7159 | D:7      | 7159 ||| DROPPING +0 scale mail.
  7160 | D:7      | 7160 ||| UPGRADING to amulet of reflection.
  7165 | D:7      | 7165 ||| UPGRADING to ring of positive energy.
  7166 | D:7      | 7166 ||| UPGRADING to ring of protection from cold.
  7168 | D:7      | 7168 ||| READING 2 scrolls of identify.
  7168 | D:7      | 7168 ||| IDENTIFYING glowing orange potion
  7178 | Ossuary  | Entered an ossuary
  7181 | Ossuary  | 7181 ||| INVOKING Fiery Armour.
  7444 | Ossuary  | 7444 ||| READING 2 scrolls labelled CEAG HEGEFEC.
  7445 | Ossuary  | 7445 ||| READING scroll of enchant weapon.
  7445 | Ossuary  | 7445 ||| ENCHANTING +2 vampiric broad axe.
  7465 | D:7      | 7465 ||| PLANNING D:1-11
  7635 | D:7      | 7635 ||| FLEEEEING.
  7636 | D:7      | 7636 ||| FLEEEEING.
  7637 | D:7      | 7637 ||| STAIRDANCE
  7790 | D:6      | 7790 ||| READING 2 scrolls of identify.
  7790 | D:6      | 7790 ||| IDENTIFYING fuming coppery potion
  7791 | D:6      | 7791 ||| DROPPING potion of ambrosia.
  7794 | D:7      | 7794 ||| STAIRDANCE
  7808 | D:6      | 7808 ||| READING scroll of enchant armour.
  7808 | D:6      | 7808 ||| ENCHANTING +1 pair of gloves.
  7812 | D:7      | 7812 ||| Stepping ~*~*~tactically~*~*~ (hiding).
  7928 | D:7      | Found a burning altar of Makhleb.
  7983 | D:7      | Noticed Joseph
  7996 | D:7      | Killed Joseph
  8059 | D:7      | Reached XP level 10. HP: 54/79 MP: 11/11
  8140 | D:7      | 8140 ||| Stepping ~*~*~tactically~*~*~ (stealth).
  8186 | D:7      | Found a bloodstained altar of Trog.
  8190 | D:7      | Found an iron altar of Okawaru.
  8193 | D:7      | Found a broken altar of Ashenzari.
  8194 | D:7      | Found a shadowy altar of Dithmenos.
  8195 | D:7      | Found a hazy altar of Hepliaklqana.
  8195 | D:7      | Found a snail-covered altar of Cheibriados.
  8195 | D:7      | Found an ancient bone altar of Kikubaaqudgha.
  8196 | D:7      | Found a hide-covered altar of Uskayaw.
  8324 | D:7      | 8324 ||| DRINKING 2 fizzy orange potions.
  8325 | D:7      | 8325 ||| DROPPING potion of berserk rage.
  8389 | D:8      | Noticed qw's ghost (novice TrCA)
  8390 | D:8      | Noticed a brown ugly thing
  8397 | D:8      | Found a runed translucent gate.
  8398 | D:8      | Found a runed translucent gate.
  8398 | D:8      | Found a runed translucent gate.
  8434 | D:8      | Noticed a manticore
  8493 | D:8      | 8493 ||| Stepping ~*~*~tactically~*~*~ (stealth).
  8496 | D:8      | 8496 ||| Stepping ~*~*~tactically~*~*~ (stealth).
  8497 | D:8      | 8497 ||| Stepping ~*~*~tactically~*~*~ (stealth).
  8499 | D:8      | 8499 ||| Stepping ~*~*~tactically~*~*~ (stealth).
  8501 | D:8      | 8501 ||| Stepping ~*~*~tactically~*~*~ (stealth).
  8820 | D:8      | Reached skill level 11 in Axes
  8962 | D:8      | Reached skill level 6 in Armour
  8967 | D:8      | Noticed a two-headed ogre
  8975 | D:8      | 8975 ||| INVOKING Fiery Armour.
  8977 | D:8      | Killed a two-headed ogre
  9099 | D:8      | Noticed a two-headed ogre
  9108 | D:8      | Killed a two-headed ogre
  9167 | D:8      | 9167 ||| READING scroll of enchant armour.
  9167 | D:8      | 9167 ||| ENCHANTING +1 pair of boots.
  9251 | D:8      | 9251 ||| Stepping ~*~*~tactically~*~*~ (stealth).
  9252 | D:8      | 9252 ||| Stepping ~*~*~tactically~*~*~ (stealth).
  9256 | D:8      | 9256 ||| Stepping ~*~*~tactically~*~*~ (stealth).
  9260 | D:8      | Reached skill level 12 in Axes
  9265 | D:8      | 9265 ||| Stepping ~*~*~tactically~*~*~ (stealth).
  9650 | D:8      | 9650 ||| READING 2 scrolls of identify.
  9650 | D:8      | 9650 ||| IDENTIFYING emerald potion
  9651 | D:8      | 9651 ||| DROPPING potion of degeneration.
  9892 | D:9      | Reached XP level 11. HP: 86/87 MP: 12/12
 10120 | D:9      | 10120 ||| Stepping ~*~*~tactically~*~*~ (hiding).
 10133 | D:9      | 10133 ||| Stepping ~*~*~tactically~*~*~ (hiding).
 10165 | D:9      | 10165 ||| Stepping ~*~*~tactically~*~*~ (stealth).
 10223 | D:9      | Reached skill level 13 in Axes
 10600 | D:9      | 10600 ||| UPGRADING to +0 plate armour.
 10610 | D:9      | 10610 ||| DROPPING +0 chain mail.
 10611 | D:9      | 10611 ||| DROPPING ring of wizardry.
 10622 | D:10     | Entered Level 10 of the Dungeon
 10690 | D:10     | 10690 ||| Stepping ~*~*~tactically~*~*~ (hiding).
 10848 | D:10     | Found an opulent altar of Gozag.
 10873 | D:10     | 10873 ||| Stepping ~*~*~tactically~*~*~ (stealth).
 10876 | D:10     | 10876 ||| Stepping ~*~*~tactically~*~*~ (hiding).
 10929 | D:10     | Noticed a two-headed ogre
 10937 | D:10     | 10937 ||| INVOKING Fiery Armour.
 10938 | D:10     | Killed a two-headed ogre
 11266 | D:10     | Noticed Grum
 11267 | D:10     | 11267 ||| INVOKING Fiery Armour.
 11283 | D:10     | Killed Grum
 11286 | D:10     | Found a glowing silver altar of Zin.
 11325 | D:10     | Found a radiant altar of Vehumet.
 11461 | D:10     | Reached skill level 9 in Fighting
 11504 | D:10     | Identified the +1 pair of boots of Quiet Fog {rN+ Int+7}
 11862 | D:10     | 11862 ||| Stepping ~*~*~tactically~*~*~ (hiding).
 12009 | D:10     | 12009 ||| DROPPING +1 pair of boots of Quiet Fog {rN+
                  | Int+7}.
 12053 | D:11     | 12053 ||| Stepping ~*~*~tactically~*~*~ (stealth).
 12085 | D:11     | 12085 ||| FLEEEEING.
 12086 | D:11     | 12086 ||| FLEEEEING.
 12087 | D:11     | 12087 ||| FLEEEEING.
 12088 | D:11     | 12088 ||| FLEEEEING.
 12237 | D:11     | Reached skill level 9 in Armour
 12338 | D:11     | Noticed Nergalle
 12340 | D:11     | 12340 ||| INVOKING Fiery Armour.
 12342 | D:11     | Noticed Josephine
 12348 | D:11     | HP: 17/89 [meliai/+0 war axe (7)]
 12349 | D:11     | 12349 ||| DRINKING 2 potions of heal wounds.
 12352 | D:11     | 12352 ||| DRINKING potion of heal wounds.
 12353 | D:11     | HP: 10/84 [spectral orc knight/+2 glaive[Nergalle] (16)]
 12353 | D:11     | HP: 4/81 [spectral orc knight/+2 glaive[Nergalle] (6)]
 12354 | D:11     | Mangled by a spectral orc knight

Levels and vault maps discovered:
D:1:      noname_arrival_rooms_in_the_neighbourhood, layout_loops_ring
D:2:      layout_basic, basic_altar, serial_shops, nicolae_diamond_shop
D:3:      layout_basic, grunt_qazlal_sundering, pf_just_have_faith,
          hellmonk_ecumenical_altar_pennies_from_heaven
D:4:      layout_loops_ring, temple_green, minmay_misc_feat_iff
D:5:      layout_loops_ring, uniq_sigmund, uniq_crazy_yiuf_cottage
D:6:      layout_cave_pools, lemuel_coloured_pillars_altar,
          kennysheep_cluttered_room, nrook_campfire
D:7:      layout_basic, makhleb_grotto_becter, minitemple,
          lightli_ossuary_entry_decrepit_ruins, uniq_joseph
D:8:      layout_basic, gammafunk_ghost_split, minmay_crossroads
D:9:      layout_loops_ring
D:10:     layout_basic, lemuel_round_altar, overflow_temple_1_default,
          grunt_gozag_statues, uniq_grum
D:11:     layout_roguey, grunt_lair_entry_orc_guard_hut, orc_david_3,
          ebering_ghost_gozag, uniq_josephine, uniq_nergalle

Skill      XL: |  1  2  3  4  5  6  7  8  9 10 11 |
---------------+----------------------------------+-----
Axes           | 4 5 6 7 9 10 12 13 | 13.5
Dodging        | 1 2 |  2.3
Armour         | 2 3 5 6 9 |  9.0
Fighting       | 4 5 7 8 9 |  9.0
Throwing       | 1 2 |  2.3
Spellcasting   | |  1.1
Fire Magic     | |  3.0

Action                   |  1- 3 |  4- 6 |  7- 9 | 10-12 || total
-------------------------+-------+-------+-------+-------++-------
Melee: Hand axe          |    87 |    91 |       |       ||   178
       Punch             |       |     1 |     5 |     4 ||    10
       War axe           |       |    14 |    92 |       ||   106
       Broad axe         |       |       |    75 |   220 ||   295
       Battleaxe         |       |       |    17 |       ||    17
Throw: Boomerang         |       |     1 |    20 |    18 ||    39
Invok: Fiery Armour      |     1 |     2 |     3 |     4 ||    10
  Use: Scroll            |     8 |     2 |     9 |     2 ||    21
       Potion            |       |     6 |     2 |     3 ||    11
Armor: Robe              |    13 |    10 |       |       ||    23
       Ring mail         |       |    17 |    51 |       ||    68
       Scale mail        |       |       |    23 |       ||    23
       Chain mail        |       |       |     8 |    45 ||    53
       Plate armour      |       |       |       |    72 ||    72
Dodge: Dodged            |    38 |    56 |   110 |    84 ||   288
Block: Other             |       |       |     8 |    58 ||    66
       Reflection        |       |       |     3 |     4 ||     7

Table legend:
 A = Non-vault XP
 B = Vault XP
 C = Vault XP percentage of total XP
 D = Non-vault monster count
 E = Vault monster count
 F = Vault count percentage of total count
                 A         B        C        D         E       F
            +---------+---------+-------+---------+---------+-------
      Total |   11485 |    2842 |  19.8 |     168 |      31 |  15.6
            +---------+---------+-------+---------+---------+-------
        D:1 |      35 |       0 |   0.0 |      18 |       0 |   0.0
        D:2 |      33 |       0 |   0.0 |      11 |       0 |   0.0
        D:3 |      96 |       0 |   0.0 |      17 |       0 |   0.0
        D:4 |     269 |       0 |   0.0 |      20 |       0 |   0.0
        D:5 |    1005 |     223 |  18.2 |      13 |       1 |   7.1
        D:6 |     872 |       0 |   0.0 |      16 |       0 |   0.0
        D:7 |     765 |     505 |  39.8 |      11 |       2 |  15.4
        D:8 |    2797 |     664 |  19.2 |      26 |       3 |  10.3
        D:9 |    1788 |       0 |   0.0 |      13 |       0 |   0.0
       D:10 |    2113 |     414 |  16.4 |      17 |       3 |  15.0
       D:11 |    1712 |     883 |  34.0 |       6 |       6 |  50.0
    Ossuary |       0 |     153 | 100.0 |       0 |      16 | 100.0
            +---------+---------+-------+---------+---------+-------
